Map: Acropolis LE

Players

ZyzzHamilton

  • Race: Protoss Protoss
  • League: Gold
  • Spawn Location: 5:00

SandboX - Winner!

  • Race: Zerg Zerg
  • League: Gold
  • Spawn Location: 11:00

VOD

Have the link to the VOD?

Description

Time

  • Played on: Aug. 11, 2019, 3:53 p.m.
  • Length: 11:02
Show
View Real Time Build Order
Export as new Build Order

ZyzzHamilton Protoss 

Build Orders:  

Get SALT Encoding   

  1  0:00  Probe  
  12  0:05  Probe  
  14  0:15  Probe  
  15  0:24  Pylon  
  15  0:32  Assimilator  
  15  0:37  Assimilator  
  15  0:42  Probe  
  16  0:49  Gateway  
  16  0:54  Probe  
  17  1:06  Probe  
  18  1:16  Probe, Forge  
  19  1:24  Probe  
  19  1:32  Probe  
  20  1:37  Pylon  
  21  1:44  Zealot  
  23  1:55  Probe  
  23  2:01  Cybernetics Core  
  24  2:06  Zealot  
  26  2:24  Photon Cannon  
  26  2:31  Zealot  
  26  2:34  Photon Cannon  
  28  3:09  Stargate  
  28  3:19  Photon Cannon  
  28  3:25  Stalker  
  30  4:00  Pylon  
  30  4:04  Pylon  
  30  4:09  Stalker  
  30  4:10  Pylon  
  30  4:17  Probe  
  30  4:18  Void Ray  
  37  4:29  Nexus  
  37  4:32  Assimilator  
  40  4:38  Stalker, Assimilator  
  39  4:52  Photon Cannon  
  39  4:59  Void Ray  
  39  5:04  Stargate  
  39  5:08  Probe  
  44  5:16  Probe  
  45  5:26  Probe  
  45  5:27  Pylon  
  46  5:38  Photon Cannon  
  46  5:41  Probe  
  46  5:49  Probe  
  47  5:53  Probe  
  49  5:59  Probe  
  50  6:05  Probe  
  50  6:08  Protoss Shields Level 1  
  52  6:11  Probe  
  52  6:15  Protoss Air Weapons Level 1  
  52  6:27  Twilight Council  
  52  6:30  Void Ray  
  56  6:37  Probe  
  57  6:45  Probe  
  57  6:51  Probe  
  57  6:53  Probe  
  59  7:00  Pylon  
  60  7:03  Probe  
  60  7:06  Probe  
  62  7:14  Stargate  
  62  7:15  Probe  
  62  7:18  Probe  
  62  7:19  Stargate  
  64  7:27  Probe  
  65  7:33  Photon Cannon  
  65  7:40  Probe, Void Ray x2  
  74  8:04  Cybernetics Core  
  62  8:38  Pylon  
  62  8:40  Photon Cannon  
  62  8:49  Pylon  
  62  8:50  Void Ray x3  
  62  8:51  Void Ray  
  78  9:26  Stalker  
  80  9:56  Stalker, Nexus  
  80  9:57  Photon Cannon  
  80  9:58  Assimilator  
  82  10:02  Assimilator  
  82  10:10  Photon Cannon  
  81  10:26  Stalker  
  83  10:36  Fleet Beacon  
Show
View Real Time Build Order
Export as new Build Order

SandboX Zerg - Winner!

Build Orders: Hatch First 

Get SALT Encoding   

  12  0:01  Drone  
  13  0:16  Overlord  
  13  0:23  Drone  
  14  0:35  Drone x2  
  16  0:38  Drone  
  17  0:59  Hatchery  
  17  1:03  Drone x2  
  18  1:07  Extractor  
  17  1:19  Spawning Pool  
  17  1:25  Drone  
  17  1:28  Drone  
  18  1:34  Drone  
  19  1:50  Overlord  
  19  1:58  Drone  
  20  2:11  Zergling x4  
  20  2:12  Queen  
  20  2:14  Queen  
  26  2:21  Metabolic Boost  
  26  2:26  Drone  
  27  2:30  Drone  
  27  2:35  Drone  
  29  2:37  Drone  
  30  2:56  Hatchery  
  29  3:01  Drone x2  
  31  3:08  Drone x2  
  31  3:12  Drone  
  34  3:17  Overlord  
  34  3:28  Queen  
  34  3:32  Overlord x2  
  35  3:36  Zergling x2  
  35  3:38  Zergling x2  
  36  3:43  Zergling x6  
  39  3:49  Drone x2  
  39  3:51  Zergling x2  
  42  4:13  Drone x9  
  51  4:25  Roach Warren  
  51  4:29  Extractor x2  
  48  4:32  Spore Crawler  
  48  4:34  Spore Crawler  
  46  4:40  Spore Crawler  
  46  4:42  Drone x7  
  52  4:46  Overlord  
  52  5:01  Drone x6  
  52  5:03  Overlord  
  58  5:09  Lair  
  61  5:21  Evolution Chamber, Drone x4  
  61  5:23  Evolution Chamber, Drone  
  61  5:42  Extractor  
  60  5:44  Extractor  
  59  5:50  Zerg Ground Armor Level 1, Zerg Missile Weapons Level 1  
  59  5:57  Roach  
  59  5:58  Roach x6  
  59  6:01  Overlord x2  
  59  6:02  Overlord x3  
  73  6:14  Drone  
  74  6:22  Drone  
  74  6:23  Drone x7  
  74  6:25  Glial Reconstitution  
  82  6:29  Hydralisk Den  
  81  6:33  Extractor  
  81  6:34  Roach x4  
  88  6:48  Drone x8  
  88  6:49  Drone  
  97  7:19  Roach x8  
  97  7:22  Overlord x4  
  113  7:23  Overlord x3  
  113  7:40  Overlord  
  113  7:41  Overlord x2  
  113  7:43  Roach x5  
  120  8:08  Roach x10  
  134  8:15  Roach  
  142  8:20  Roach x7  
  136  8:34  Hydralisk x7  
  136  8:38  Muscular Augments  
  136  8:40  Zerg Ground Armor Level 2, Zerg Missile Weapons Level 2  
  150  8:56  Hatchery  
  149  9:04  Queen  
  149  9:08  Overlord x4  
  151  9:10  Hydralisk x3, Roach  
  159  9:34  Hydralisk x10  
  179  10:00  Hydralisk x10  
  199  10:38  Hydralisk  
  197  10:49  Infestation Pit  
Tags
 
Add a new tag
Caveats
  • Supply blocks, unpowered buildings, or Contaminate may cause inaccurate times.
  • Supply counts are checked every 10 seconds.